 Dungeon Crawl Stone Soup version 0.20.1-1-g8b1a95d (webtiles) character file.

89 letownia2 the Grave Robber (level 4, 24/36 HPs)
             Began as a Deep Dwarf Necromancer on Nov 28, 2017.
             Quit the game on level 3 of the Dungeon.
             The game lasted 00:03:07 (610 turns).

letownia2 the Grave Robber (Deep Dwarf Necromancer)  Turns: 610, Time: 00:03:08

Health: 24/36      AC:  2    Str: 11    XL:     4   Next: 31%
Magic:  1/8        EV: 12    Int: 17    God:
Gold:   18         SH:  0    Dex: 13    Spells: 5/9 levels left

rFire    . . .     SeeInvis .   a - +0 dagger
rCold    . . .     Gourm    .   (no shield)
rNeg     + . .     Faith    .   d - +0 robe
rPois    .         Spirit   .   (no helmet)
rElec    .         Reflect  .   (no cloak)
rCorr    .         Harm     .   (no gloves)
MR       .....                  (no boots)
Stlth    ++........             (no amulet)
Regen    0.0/turn               f - ring of positive energy
MPRegen  0.2/turn               (no ring)

@: non-regenerating
A: damage resistance, heal wounds, sense surroundings 1, no regeneration
a: Heal Wounds


You were on level 3 of the Dungeon.
You were not hungry.

You visited 1 branch of the dungeon, and saw 3 of its levels.

You collected 18 gold pieces.

Inventory:

Hand Weapons
 a - a +0 dagger (weapon)
Armour
 d - a +0 robe (worn)
Jewellery
 f - a ring of positive energy (left hand)
Wands
 j - a wand of confusion (15/48)
Potions
 e - a potion of ambrosia {unknown}
 g - a potion of magic {unknown}
 h - a potion of curing {unknown}
 i - a potion of mutation {unknown}
Books
 b - a book of Necromancy

   Spells                             Type                      Level
   a - Pain                           Necromancy                   1
   b - Animate Skeleton               Necromancy                   1
   c - Vampiric Draining              Necromancy                   3
   d - Regeneration                   Charms/Necromancy            3
   e - Animate Dead                   Necromancy                   4
   f - Control Undead                 Necromancy                   4
Comestibles
 c - a bread ration
 k - 2 chunks of flesh


   Skills:
 - Level 2.1 Dodging
 - Level 2.4 Stealth
 + Level 3.0 Spellcasting
 + Level 5.4 Necromancy


You had 5 spell levels left.
You knew the following spells:

 Your Spells              Type           Power        Failure   Level  Hunger
a - Pain                  Necr           ###.         1%          1    None
v - Vampiric Draining     Necr           ###.......   5%          3    ###....


Dungeon Overview and Level Annotations

Branches:
Dungeon (3/15)

Altars:


Innate Abilities, Weirdness & Mutations

You are resistant to damage.
You can heal yourself by infusing magical energy.
You passively map a small area around you.
You do not regenerate.


Message History

A ball python and an adder come into view.
Casting: Vampiric Draining
Confirm with . or Enter, or press ? or * to list all spells.
Aiming: Vampiric Draining
Press: ? - help, Shift-Dir - straight line, f - river rat
Aim: a river rat The river rat is almost dead.
You feel life coursing into your body.
The adder hisses angrily.
The ball python hisses angrily.
The river rat bites you.
A rat comes into view.
Casting: Vampiric Draining
Confirm with . or Enter, or press ? or * to list all spells.
Aiming: Vampiric Draining
Press: ? - help, Shift-Dir - straight line, f/p - river rat
Aim: a river rat (almost dead)
You kill the river rat!
You feel life coursing into your body.
Unknown command.
Are you sure you want to abandon this character and quit the game? (Confirm with "yes".)

#....r.....w)....#
#.###########.....
#.# #..... #.#
#..... #.# #.....
#.# #..... #r#
#..... #.# #.....
#@# ####'# #S#**
#.# #.. * #.# #S##
#.#


Srr , #.# *S≈r , #.# ≈≈≈ #.# #≈≈r≈ #.# #.. You could see an adder, a river rat,
3 ball pythons and 4 rats.

Vanquished Creatures
  An orc priest (D:3)
  Jessica (D:3)
  An adder (D:3)
  A river rat (D:3)
  An ooze (D:3)
  3 orcs (D:3)
  A goblin (D:2)
  3 bats (D:3)
  A frilled lizard (D:2)
  A rat (D:2)
14 creatures vanquished.

Notes
Turn   | Place    | Note
-------+----------+-------------------------------------------
     0 | D:1      | letownia2 the Deep Dwarf Necromancer began the quest for the Orb.
     0 | D:1      | Reached XP level 1. HP: 15/15 MP: 3/3
    95 | D:3      | Noticed Jessica
   125 | D:3      | Killed Jessica
   125 | D:3      | Reached XP level 2. HP: 22/22 MP: 0/5
   125 | D:3      | Reached XP level 3. HP: 28/28 MP: 0/6
   170 | D:3      | Reached skill level 5 in Necromancy
   176 | D:3      | Learned a level 3 spell: Vampiric Draining
   242 | D:3      | Reached XP level 4. HP: 18/36 MP: 0/8
   610 | D:3      | Quit the game

Skill      XL: |  1  2  3  4 |
---------------+-------------+-----
Spellcasting   | 2 3 |  3.0
Necromancy     | 5 |  5.4
Dodging        | |  2.1
Stealth        | |  2.4

Action                   |  1- 3 |  4- 6 || total
-------------------------+-------+-------++-------
Melee: Dagger            |     4 |     4 ||     8
 Cast: Pain              |    19 |     2 ||    21
       Vampiric Draining |       |     7 ||     7
Armor: Robe              |     1 |    18 ||    19
Dodge: Dodged            |     6 |    34 ||    40
